Map: El Dorado

Players

Who

  • Race: Protoss Protoss
  • League: Platinum
  • Spawn Location: 5:00

wootwoot - Winner!

  • Race: Zerg Zerg
  • League: Diamond
  • Spawn Location: 7:00

VOD

Have the link to the VOD?

Description

Time

  • Played on: April 21, 2025, 5:06 p.m.
  • Length: 2:26
Show
View Real Time Build Order
Export as new Build Order

Who Protoss 

Build Orders: Cannon Rush 

Get SALT Encoding   

  1  0:00  Probe  
  12  0:05  Probe  
  14  0:16  Probe  
  15  0:27  Pylon  
  15  0:45  Probe  
  15  0:47  Forge  
  16  0:55  Probe  
  17  0:58  Pylon  
  17  1:03  Probe  
  18  1:11  Probe  
  19  1:20  Photon Cannon  
  19  1:29  Photon Cannon  
  18  1:42  Probe  
  18  1:46  Photon Cannon  
  19  1:48  Gateway  
  19  1:51  Pylon  
  19  1:55  Photon Cannon  
  19  2:02  Photon Cannon  
Show
View Real Time Build Order
Export as new Build Order

wootwoot Zerg - Winner!

Build Orders: Pool Only 

Get SALT Encoding   

  12  0:18  Spawning Pool  
  11  0:24  Drone  
  11  0:27  Drone  
  13  0:32  Drone  
  14  0:41  Overlord  
  14  1:05  Zergling x4  
  14  1:07  Zergling x2  
  17  1:18  Zergling x2  
  18  1:32  Zergling x2  
  19  1:44  Zergling x2  
  20  2:02  Zergling x2  
  20  2:03  Zergling x2  
Tags
 
Add a new tag
Caveats
  • Supply blocks, unpowered buildings, or Contaminate may cause inaccurate times.
  • Supply counts are checked every 10 seconds.